 Dungeon Crawl Stone Soup version 0.18.1-5-g4a78601 (webtiles) character file.

4944 HungrySpirit the Covert (level 10, -1/63 HPs)
             Began as a Vampire Enchanter on May 8, 2016.
             Was a Believer of Ru.
             Slain by Snorg (19 damage)
             ... on level 13 of the Dungeon on May 9, 2016.
             The game lasted 00:33:48 (10978 turns).

HungrySpirit the Covert (Vampire Enchanter)        Turns: 10978, Time: 00:33:49

Health: -1/63      AC:  8    Str:  7    XL:     10   Next: 28%
Magic:  19/19      EV: 18    Int: 19    God:    Ru [**....]
Gold:   664        SH:  0    Dex: 17    Spells: 4 memorised, 12 levels left

rFire  . . .     SeeInvis +     z - +0 dagger (venom)
rCold  . . .     Gourm    .     F - +2 robe "Xeeqoumm" {rN+}
rNeg   + + .     Faith    .     (no shield)
rPois  .         Spirit   .     r - +0 helmet
rElec  .         Dismiss  .     (no cloak)
rCorr  .         Reflect  .     e - +1 pair of gloves
SustAt .         Harm     .     a - +0 pair of boots (curse)
MR     +....                    (no amulet)
Stlth  ++++++....               (no ring)
                                y - +1 ring of slaying

@: somewhat resistant to hostile enchantments, very stealthy
A: fangs 3, see invisible, unbreathing, hated by all, inexperienced 1
a: Bat Form, Renounce Religion


You were on level 13 of the Dungeon.
You worshipped Ru.
Ru was pleased with you.
You were not thirsty.

You visited 2 branches of the dungeon, and saw 13 of its levels.

You collected 664 gold pieces.

Inventory:

Hand Weapons
 s - a +1 falchion
 v - a +0 rapier
 z - a +0 dagger of venom (weapon)
 D - a +0 long sword
Armour
 a - a cursed +0 pair of boots (worn)
 e - a +1 pair of gloves (worn)
 r - a +0 helmet (worn)
 w - a +0 robe of cold resistance
 F - the +2 robe "Xeeqoumm" (worn) {rN+}
   (You found it on level 9 of the Dungeon)

   It protects you from negative energy.
Jewellery
 f - an uncursed ring of ice
 m - an uncursed ring of fire
 y - a +1 ring of slaying (left hand)
 H - a +2 ring of slaying
 J - a cursed ring of teleportation {unknown}
Wands
 b - a wand of iceblast (4/15)
 l - a wand of digging (22/24)
 A - a wand of flame (22/48)
 M - a wand of acid (4/15)
Scrolls
 g - 2 scrolls of enchant armour
 h - 5 scrolls of remove curse
 j - 2 scrolls of magic mapping
 k - 4 scrolls of recharging
 n - a scroll of random uselessness
 q - 8 scrolls of teleportation
 t - 2 scrolls of amnesia {unknown}
 B - a scroll of holy word {unknown}
 C - a scroll of fear {unknown}
 E - a scroll of noise {unknown}
 K - a scroll of enchant weapon
Potions
 d - 4 potions of curing
 i - a potion of cure mutation
 o - 6 potions of brilliance
 p - 2 potions of might
 u - 3 potions of magic {unknown}
 x - a potion of agility
 G - 4 potions of degeneration {unknown}
 L - 2 potions of blood
Books
 c - a book of Maledictions

   Spells                             Type                      Level
   a - Corona                         Hexes                        1
   b - Ensorcelled Hibernation        Hexes/Ice                    2
   c - Confuse                        Hexes                        3
   d - Tukima's Dance                 Hexes                        3
   e - Dazzling Spray                 Conjuration/Hexes            3
 I - a book of the Sky

   Spells                             Type                      Level
   a - Summon Lightning Spire         Summoning/Air                4
   b - Airstrike                      Air                          4
   c - Silence                        Hexes/Air                    5
   d - Deflect Missiles               Charms/Air                   6
   e - Conjure Ball Lightning         Conjuration/Air              6
   f - Tornado                        Air                          9


   Skills:
 - Level 4.4(8.3) Short Blades
 * Level 10.0(10.3) Long Blades
 + Level 7.9 Dodging
 + Level 12.1 Stealth
 + Level 6.2 Spellcasting
 + Level 9.7 Hexes


You had 12 spell levels left.
You knew the following spells:

 Your Spells              Type           Power        Failure   Level  Hunger
a - Corona                Hex            #####..      1%          1    None
b - Ensorcelled Hibernat  Hex/Ice        ###...       2%          2    None
c - Confuse               Hex            #####...     1%          3    ##.....
d - Dazzling Spray        Conj/Hex       ###.....     6%          3    ##.....


Dungeon Overview and Level Annotations

Branches:
Dungeon (11/15)            Temple (1/1) D:6            Lair (0/8) D:8
    Orc: D:9-12

Altars:
Ashenzari
Cheibriados
Elyvilon
Gozag
Kikubaaqudgha
Makhleb
Nemelex Xobeh
Okawaru
Pakellas
Ru
Sif Muna
Xom
Yredelemnul
Zin

Shops:
D:10 [

Annotations:
D:13 Rupert, Snorg


Innate Abilities, Weirdness & Mutations

You have razor-sharp teeth.
You have supernaturally acute eyesight.
You can survive without breathing.
You are hated by all.
You are somewhat inexperienced (-2 XL).


Message History

You closely miss Snorg.
Snorg is almost dead.
You hit Snorg.
Snorg looks even sicker.
Your bite misses Snorg.
Snorg is almost dead.
Snorg completely misses you. Snorg claws you! Snorg misses you.
You hit Snorg.
Snorg is almost dead.
Snorg bites you!! Snorg claws you.
* * * LOW HITPOINT WARNING * * *
Snorg claws you but does no damage.
Unknown command.
Read which item? (? for menu, Esc to quit)
Okay, then.
Drink which item? (? for menu, Esc to quit)
Okay, then.
Read which item? (? for menu, Esc to quit)
Okay, then.
Okay, then.
Snorg bites you but does no damage. Snorg barely misses you. Snorg claws you!!
You die...

........ ....(
#..# #######..#
#........#
+.(..###+# #....#
##########....#
.......@##'#####..
........Tp........
###.##.l##....##.<
# #..##....#
...>..........
...............
################


You could see Snorg (berserk), a human and an iguana.

Vanquished Creatures
  A hydra (D:11)
  Sonja (D:10)
  Pikel (D:7)
  A hill giant (D:10)
  A gargoyle (D:10)
  A two-headed ogre (D:10)
  Prince Ribbit (D:7)
  2 wyverns
  A wraith (D:10)
  2 hungry ghosts (D:9)
  A soldier ant (D:11)
  An orc warrior (D:8)
  3 sky beasts
  An ice beast (D:9)
  3 phantoms
  4 slaves (D:7)
  2 necrophages
  5 ogres
  5 centaurs
  7 giant frogs
  A water moccasin zombie (D:8)
  6 scorpions
  2 wyvern skeletons
  5 wights
  5 killer bees (D:10)
  4 crimson imps
  3 howler monkeys
  A centaur zombie (D:10)
  7 hounds
  5 orc priests
  2 jellies (D:5)
  A giant frog skeleton (D:8)
  5 iguanas
  Natasha (thrice) (D:3)
  10 orc wizards
  11 worker ants
  A killer bee zombie (D:8)
  A hound skeleton (D:4)
  A howler monkey zombie (D:8)
  4 gnolls
  22 adders
  A shadow imp (D:8)
  2 oozes
  An adder skeleton (D:9)
  2 adder zombies (D:6)
  3 worms
  2 dart slugs (D:1)
  8 giant geckos
  45 orcs
  A ball python (D:3)
  5 bats
  6 giant cockroaches
  5 goblins
  8 hobgoblins
  15 jackals
  3 quokkas
  6 giant newts
  10 kobolds
  A quokka zombie (D:7)
  A rat (D:1)
269 creatures vanquished.

Notes
Turn   | Place    | Note
--------------------------------------------------------------
     0 | D:1      | HungrySpirit the Vampire Enchanter began the quest for the Orb.
     0 | D:1      | Reached XP level 1. HP: 13/13 MP: 3/3
     0 | D:1      | Upgraded the game from 0.18.1-2-ga659475 to 0.18.1-5-g4a78601
   441 | D:1      | Reached XP level 2. HP: 19/19 MP: 5/5
   452 | D:1      | Learned a level 2 spell: Ensorcelled Hibernation
   907 | D:1      | Reached XP level 3. HP: 17/24 MP: 6/6
  1112 | D:2      | Reached skill level 5 in Hexes
  1251 | D:2      | Reached skill level 5 in Stealth
  1269 | D:2      | Reached XP level 4. HP: 29/30 MP: 4/7
  1436 | D:2      | Learned a level 3 spell: Confuse
  1841 | D:3      | Noticed Natasha
  1848 | D:3      | Killed Natasha
  1956 | D:3      | Reached XP level 5. HP: 35/35 MP: 5/8
  2028 | D:3      | Reached skill level 6 in Stealth
  2346 | D:3      | Reached XP level 6. HP: 35/41 MP: 6/9
  2457 | D:3      | Noticed Natasha
  2461 | D:3      | Killed Natasha
  2592 | D:4      | Found an oddly glowing altar of Pakellas.
  2605 | D:4      | Reached skill level 1 in Long Blades
  2835 | D:4      | Learned a level 3 spell: Dazzling Spray
  2896 | D:3      | Noticed Natasha
  2903 | D:3      | Killed Natasha
  2973 | D:3      | Reached skill level 7 in Stealth
  2973 | D:3      | Reached XP level 7. HP: 39/46 MP: 1/11
  3830 | D:5      | Entered Level 5 of the Dungeon
  4125 | D:5      | Reached XP level 8. HP: 52/52 MP: 12/12
  4354 | D:5      | Reached skill level 8 in Stealth
  4711 | D:5      | Reached skill level 5 in Long Blades
  5509 | D:6      | Found a staircase to the Ecumenical Temple.
  5519 | Temple   | Entered the Ecumenical Temple
  5592 | Temple   | Became a worshipper of Ru the Awakened
  6110 | D:6      | Found a burning altar of Makhleb.
  6391 | D:7      | Reached skill level 5 in Dodging
  6537 | D:7      | Noticed Pikel
  6675 | D:7      | Killed Pikel
  6675 | D:7      | Reached skill level 9 in Stealth
  6675 | D:7      | Reached XP level 9. HP: 57/57 MP: 5/14
  6957 | D:7      | Found a sparkling altar of Nemelex Xobeh.
  6958 | D:7      | Found an opulent altar of Gozag.
  6969 | D:7      | Noticed Prince Ribbit
  6976 | D:7      | Killed Prince Ribbit
  7226 | D:7      | Gained mutation: You are hated by all. [Ru sacrifice]
  7226 | D:7      | Reached * piety under Ru
  7241 | D:7      | Reached skill level 10 in Stealth
  7456 | D:7      | Found an iron altar of Okawaru.
  7762 | D:8      | Found a staircase to the Lair.
  7811 | D:8      | Noticed an angel
  7812 | D:8      | Found a glowing silver altar of Zin.
  8183 | D:8      | Reached skill level 5 in Spellcasting
  8519 | D:9      | Reached XP level 10. HP: 63/63 MP: 17/17
  8786 | D:9      | Reached skill level 11 in Stealth
  8818 | D:9      | Got a sheer robe
  8819 | D:9      | Identified the +2 robe "Xeeqoumm" {rN+} (You found it on level 9 of the Dungeon)
  9413 | D:9      | Gained mutation: You are somewhat inexperienced (-2 XL). [Ru sacrifice]
  9413 | D:9      | Reached XP level 9. HP: 57/57 MP: 16/16
  9413 | D:9      | Reached XP level 8. HP: 52/52 MP: 15/15
  9413 | D:9      | Reached ** piety under Ru
  9684 | D:10     | Entered Level 10 of the Dungeon
  9684 | D:10     | Noticed a hill giant
  9687 | D:10     | Killed a hill giant
  9763 | D:10     | Reached XP level 9. HP: 53/57 MP: 12/17
  9793 | D:10     | Noticed Sonja
  9794 | D:10     | Noticed a gargoyle
  9795 | D:10     | Killed Sonja
  9801 | D:10     | Killed a gargoyle
  9831 | D:10     | Found Xonweschuwn's Antique Armour Shoppe.
 10645 | D:10     | Reached XP level 10. HP: 33/63 MP: 13/19
 10823 | D:11     | Reached skill level 12 in Stealth
 10847 | D:11     | Noticed a six-headed hydra
 10858 | D:11     | Killed a six-headed hydra
 10858 | D:11     | Reached skill level 10 in Long Blades
 10959 | D:11     | You fall through a shaft for 2 floors!
 10961 | D:13     | Noticed Rupert
 10961 | D:13     | Noticed an orc knight
 10967 | D:13     | Noticed Snorg
 10978 | D:13     | Slain by Snorg

Skill      XL: |  1  2  3  4  5  6  7  8  9 10 |
---------------+-------------------------------+-----
Short Blades   | 2 3 4 |  4.4
Hexes          | 5 6 7 9 |  9.7
Stealth        | 5 6 7 9 10 12 | 12.1
Long Blades    | 2 4 9 8 10 | 10.0
Spellcasting   | 3 6 |  6.2
Dodging        | 3 5 6 7 |  7.9

Action                   |  1- 3 |  4- 6 |  7- 9 | 10-12 || total
-------------------------+-------+-------+-------+-------++-------
Melee: Dagger            |   135 |   207 |   558 |    73 ||   973
       Bite              |     7 |    17 |    46 |     7 ||    77
 Cast: Ensorcelled Hiber |     7 |    24 |    69 |     6 ||   106
       Corona            |     1 |     1 |       |       ||     2
       Confuse           |       |     1 |    27 |     8 ||    36
Invok: Sacrifice Experie |       |       |     1 |       ||     1
       Sacrifice Love    |       |       |     1 |       ||     1
  Use: Potion            |       |     4 |     2 |       ||     6
       Scroll            |       |     8 |     4 |     1 ||    13
 Stab: Sleeping          |    13 |    19 |    84 |    14 ||   130
       Confused          |       |     1 |    16 |     4 ||    21
  Eat: Corpse            |    10 |    15 |    40 |     4 ||    69
Armor: Robe              |    38 |    39 |    80 |    13 ||   170
       Skin              |       |       |     3 |       ||     3
Dodge: Dodged            |    84 |   122 |   305 |    28 ||   539
